 Dungeon Sprint DCSS version 0.22.0-16-gc6d26f6 (webtiles) character file.

170 doot the Skirmisher (level 5, -1/78 HPs)
             Began as a Draconian Fighter on Aug 17, 2018.
             Was an Initiate of Trog.
             Succumbed to a killer bee's poison
             ... in the Dungeon (Sprint IV: "Fedhas' Mad Dash").
             The game lasted 00:03:55 (1288 turns).

doot the Skirmisher (Draconian Fighter)             Turns: 1288, Time: 00:03:56

Health: -1/78      AC:  5    Str: 24    XL:     5   Next: 26%
Magic:  6/6        EV: 12    Int:  8    God:    Trog [......]
Gold:   82         SH: 10    Dex: 11    Spells: 4/4 levels left

rFire    . . .     SeeInvis .   a - +0 flail
rCold    . . .     Gourm    .   b - +0 shield
rNeg     . . .     Faith    .   (armour unavailable)
rPois    .         Spirit   .   (helmet restricted)
rElec    .         Reflect  .   (no cloak)
rCorr    .         Harm     .   (no gloves)
MR       .....     NoTele   +   (no boots)
Stlth    ..........             l - amulet of invisibility {+Inv}
HPRegen  0.23/turn              (no ring)
MPRegen  0.10/turn              (no ring)

@: berserking, lethally poisoned (-1 -> -27), very quick
A: unfitting armour, cold-blooded, AC +5
a: Renounce Religion, Evoke Invisibility


You were in the Dungeon.
You worshipped Trog.
Trog was noncommittal.
You were not hungry.

You visited 1 branch You collected 82 gold pieces.

Inventory:

Hand Weapons
 a - a +0 flail (weapon)
Armour
 b - a +0 shield (worn)
Jewellery
 l - the amulet of invisibility (around neck) {+Inv}
   (You found it in the Dungeon)

   [amulet of nothing]

   It lets you turn invisible.
Scrolls
 j - a scroll of blinking
Potions
 c - 2 potions of might
 g - a potion of haste
 h - 2 potions of magic
 k - a potion of flight {unknown}
Comestibles
 d - a ration


   Skills:
 + Level 7.0 Fighting
 + Level 4.7 Maces & Flails
 + Level 5.4 Dodging
 + Level 1.4 Stealth
 + Level 6.0 Shields
 + Level 1.9 Evocations


You had 4 spell levels left.
You didn't know any spells.
Your spell library was empty.

Dungeon Overview and Level Annotations

Branches:
Dungeon (1/1)

Altars:
Cheibriados
Dithmenos
Elyvilon
Gozag
Hepliaklqana
Kikubaaqudgha
Makhleb
Nemelex Xobeh
Okawaru
Qazlal
Ru
Sif Muna
Trog
Uskayaw
Vehumet
Wu Jian
Xom
Yredelemnul
Zin
The Shining One
Beogh
Jiyva
Lugonu


Innate Abilities, Weirdness & Mutations

Your plain brown scales are hard. (AC +5)
You cannot fit into any form of body armour.
You are cold-blooded and may be slowed by cold attacks.


Message History

Unknown command.
You thump the killer bee!
The killer bee is severely wounded.
* * * LOW HITPOINT WARNING * * *
You feel sick. The killer bee stings you.
* * * LOW HITPOINT WARNING * * *
You are more poisoned.
The killer bee poisons you! You block the killer bee's attack.
A red film seems to cover your vision as you go berserk!
You feel yourself moving faster!
You feel mighty!
* * * LOW HITPOINT WARNING * * *
You feel very sick. You block the killer bee's attack. x2
You barely miss the killer bee.
The killer bee is severely wounded.
* * * LOW HITPOINT WARNING * * *
You feel sick. You block the killer bee's attack. x2
You miss the killer bee.
The killer bee is severely wounded.
You die...

#################################
#<..P#.....#.....#.⌠._._._._.⌠.#.
#PP..÷.....'.#...'.._._._._._..'.
#PPPP#.....#.#.y@#..._._._._...#.
###############+##.._._._._._..#.
#.y.♣....y.y.y...#._._._._._.⌠.##
#yy....♣.yy..#...###############
♣..♣..###### #+#####


You could see a killer bee.

Vanquished Creatures
  4 oklob saplings (D)
  A worker ant (D)
  A river rat (D)
  A rat (D)
7 creatures vanquished.

Notes
Turn   | Place    | Note
-------+----------+-------------------------------------------
     0 | D        | doot the Draconian Fighter began the quest for the Orb.
     0 | D        | Reached XP level 1. HP: 19/19 MP: 1/1
     8 | D        | Reached skill level 4 in Fighting
     8 | D        | Reached XP level 2. HP: 27/27 MP: 2/2
    19 | D        | Noticed an oklob sapling
    28 | D        | Reached skill level 5 in Fighting
    28 | D        | Reached XP level 3. HP: 14/36 MP: 3/3
   244 | D        | Killed an oklob sapling
   244 | D        | Reached skill level 5 in Shields
   247 | D        | Found the amulet of invisibility {+Inv}
   268 | D        | Noticed an oklob sapling
   271 | D        | Killed an oklob sapling
   271 | D        | Reached skill level 6 in Fighting
   271 | D        | Reached XP level 4. HP: 44/44 MP: 1/4
   391 | D        | Found an opulent altar of Gozag.
   391 | D        | Found a hazy altar of Hepliaklqana.
   391 | D        | Found a roughly hewn altar of Beogh.
   391 | D        | Found a snail-covered altar of Cheibriados.
   392 | D        | Found a viscous altar of Jiyva.
   392 | D        | Found a burning altar of Makhleb.
   392 | D        | Found a sparkling altar of Nemelex Xobeh.
   392 | D        | Found a sacrificial altar of Ru.
   392 | D        | Found a deep blue altar of Sif Muna.
   392 | D        | Found a bloodstained altar of Trog.
   392 | D        | Found an ornate altar of the Wu Jian Council.
   392 | D        | Found a shimmering altar of Xom.
   392 | D        | Found a basalt altar of Yredelemnul.
   393 | D        | Found an iron altar of Okawaru.
   393 | D        | Found a glowing silver altar of Zin.
   393 | D        | Found a shadowy altar of Dithmenos.
   394 | D        | Found a hide-covered altar of Uskayaw.
   394 | D        | Found an ancient bone altar of Kikubaaqudgha.
   395 | D        | Found a stormy altar of Qazlal.
   395 | D        | Found a glowing golden altar of the Shining One.
   395 | D        | Found a white marble altar of Elyvilon.
   396 | D        | Found a radiant altar of Vehumet.
   396 | D        | Found a corrupted altar of Lugonu.
   405 | D        | Reached skill level 5 in Dodging
   405 | D        | Reached skill level 1 in Stealth
   405 | D        | Reached skill level 1 in Evocations
   544 | D        | Became a worshipper of Trog the Wrathful
   567 | D        | Reached skill level 7 in Fighting
   567 | D        | Reached XP level 5. HP: 9/52 MP: 2/6
   946 | D        | Noticed a queen bee
   974 | D        | HP: 2/52 [poisoned by a killer bee]
  1286 | D        | HP: 3/78 [poisoned by a killer bee]
  1288 | D        | Succumbed to a killer bee's poison

Skill      XL: |  1  2  3  4 |
---------------+-------------+-----
Fighting       | 4 5 6 7 |  7.0
Dodging        | 3 4 5 |  5.4
Shields        | 4 5 6 |  6.0
Maces & Flails | 3 4 |  4.7
Stealth        | 1 |  1.4
Evocations     | 1 |  1.9

Action                   |  1- 3 |  4- 6 || total
-------------------------+-------+-------++-------
Melee: Flail             |    16 |    34 ||    50
       Tailslap          |     2 |     4 ||     6
 Abil: Evoke Invisibilit |     1 |     3 ||     4
  Use: Potion            |       |     3 ||     3
 Stab: Sleeping          |     1 |       ||     1
       Invisible         |       |     2 ||     2
  Eat: Ration            |       |     1 ||     1
Armor: Skin              |     4 |     4 ||     8
Dodge: Dodged            |     3 |    29 ||    32
Block: Shield            |     4 |    23 ||    27
